 Dungeon Crawl Stone Soup version 0.26.1-11-gd32895ea62 (webtiles) character file.

Game seed: 16185308367154927855

66 Descartes the Changer (level 2, 0/18 HPs)
             Began as a Felid Transmuter on July 16, 2021.
             Succumbed to an adder's poison
             ... on level 2 of the Dungeon.
             The game lasted 00:02:27 (1002 turns).

Descartes the Changer (Felid Transmuter)            Turns: 1002, Time: 00:02:28

Health: 0/18       AC: 21    Str:  6    XL:     2   Next: 286%
Magic:  6/6        EV:  4    Int: 14    God:
Gold:   111        SH:  0    Dex: 16    Spells: 4/5 levels left
                                        Lives:  0   Deaths: 0

rFire    . . .     SeeInvis +     - Unarmed
rCold    . . .     Faith    .   (shield unavailable)
rNeg     + + +     Spirit   .   (armour unavailable)
rPois    +         Reflect  .   (helmet unavailable)
rElec    .         Harm     .   (cloak unavailable)
rCorr    .         Rampage  .   (gloves unavailable)
Will     .....     Clarity  +   (boots unavailable) Stlth +.........NoTele +
                                (no amulet)
HPRegen  0.06/turn              (no ring)
MPRegen  0.10/turn              (no ring)

@: lethally poisoned (0 -> -10), tree-form
A: very small, no armour, no weapons or thrown items, stealth, see invisible,
clarity, evolution 1
a: no special abilities


You were on level 2 of the Dungeon.
You were a tree.
You visited 1 branch of the dungeon, and saw 2 of its levels.

You collected 111 gold pieces.

Inventory:

Missiles
 c - 50 stones
Jewellery
 f - a cursed ring of attention {unknown}
Scrolls
 a - 2 scrolls of identify {unknown}
 g - a scroll of amnesia {unknown}
Potions
 e - a potion of heal wounds {unknown}


   Skills:
 - Level 1.0 Fighting
 - Level 2.6 Dodging
 + Level 0.0 Stealth
 - Level 3.0 Unarmed Combat
 - Level 2.0 Spellcasting
 - Level 3.9 Transmutations


You had 4 spell levels left.
You knew the following spells:

 Your Spells              Type           Power        Failure   Level
a - Beastly Appendage     Tmut           24%          4%          1

Your spell library contained the following spells:

 Spells                   Type           Power        Failure   Level
 Wereblood                Tmut           12%          8%          2
 Spider Form              Tmut/Pois      3%           32%         3
 Ice Form                 Ice/Tmut       6%           71%         4
 Blade Hands              Tmut           6%           80%         5


Dungeon Overview and Level Annotations

Branches:
Dungeon (2/15)

Altars:


Innate Abilities, Weirdness & Mutations

You cannot wear armour.
You are incapable of wielding weapons or throwing items.
Your paws allow you to move quietly. (Stealth)
((You have sharp claws.))
((You have razor-sharp teeth.))
You have supernaturally acute eyesight. (SInv)
((You cover ground quickly.))
((You are covered in fur. (AC +1)))
((Your sharp claws are effective at attacking unaware monsters.))
You possess an exceptional clarity of mind.
You evolve.


Message History

Unknown command.
* * * LOW HITPOINT WARNING * * *
You feel sick.
It was a potion of lignification.
Your horns disappear.
You turn into a tree.
Your roots penetrate the ground.
The adder bites you but does no damage. x2
It was a potion of mutation.
You feel extremely strange.
Your thoughts seem clearer.
You feel nature experimenting on you.
Don't worry, failures die fast.
* * * LOW HITPOINT WARNING * * *
You feel sick. The adder barely misses you.
The adder bites you but does no damage. The adder barely misses you.
The adder bites you but does no damage.
It was a potion of experience.
You feel more experienced!
You have reached level 3!
Your experience leads to an increase in your attributes!
Increase (S)trength, (I)ntelligence, or (D)exterity?
You die...

#...#.......#
##.##.......#
#.##.......#
#.##.......#
#.########## #.#
#...#
##.####.####...####
...........S......#
..........♣S......#
..........b.......#
###............####
#............#
#............#
#.........####
#.........#
.........#


You could see 2 adders and a bat.

Vanquished Creatures
  A leopard gecko (D:1)
  4 bats (D:1)
  A giant cockroach (D:1)
  7 goblins (D:1)
  3 hobgoblins (D:1)
  A frilled lizard (D:1)
  3 kobolds (D:1)
  4 rats (D:1)
24 creatures vanquished.

Notes
Turn   | Place    | Note
-------+----------+-------------------------------------------
     0 | D:1      | Descartes the Felid Transmuter began the quest for the Orb.
     0 | D:1      | Reached XP level 1. HP: 9/9 MP: 4/4
   366 | D:1      | Reached XP level 2. HP: 10/12 MP: 4/6
  1001 | D:2      | Gained mutation: You possess an exceptional clarity of
                  | mind. [potion of mutation]
  1001 | D:2      | Gained mutation: You evolve. [potion of mutation]
  1002 | D:2      | Succumbed to an adder's poison

Illustrated notes

Levels and vault maps discovered:
D:1:      lightli_arrival_statuegarden, layout_basic
D:2:      minmay_angry_zag, layout_basic, nicolae_overflow_crystal_walls,
          grunt_temple_overflow_diamond, chequers_mini_garden, uniq_robin

Skill      XL: |  1 |
---------------+----+-----
Transmutations | 3 |  3.9
Fighting       | |  1.0
Dodging        | |  2.6
Unarmed Combat | |  3.0
Spellcasting   | |  2.0

Action                   || total
-------------------------++-------
Melee: Unarmed           ||    52
       Headbutt          ||     6
       Bite              ||     4
 Cast: Beastly Appendage ||    16
  Use: Potion            ||     3
 Stab: Sleeping          ||     3
Armor: Skin              ||     7
Dodge: Dodged            ||    40
